 Dungeon Crawl Stone Soup version 0.28-a0-479-g5baa6b73be (webtiles) character file.

Game seed: 9409906694522906205

154 timneilson the Covered (level 5, -11/33 HPs)
             Began as a Gargoyle Fighter on Sept 18, 2021.
             Mangled by an ice beast (12 damage)
             ... on level 3 of the Dungeon.
             The game lasted 00:04:39 (1848 turns).

timneilson the Covered (Gargoyle Fighter)           Turns: 1848, Time: 00:04:39

Health: -11/33     AC: 13    Str: 21    XL:     5   Next: 36%
Magic:  5/5        EV: 10    Int:  8    God:
Gold:   93         SH:  4    Dex:  9    Spells: 4/4 levels left

rFire   . . .      SeeInvis .   a - +0 long sword
rCold   . . .      Faith    .   c - +0 buckler
rNeg    + . .      Spirit   .   b - +0 scale mail
rPois   ∞          Reflect  .   d - +0 helmet
rElec   +          Harm     .   (no cloak)
rCorr   .          Rampage  .   (no gloves)
Will    .....                   l - +0 pair of boots
Stlth   ..........              (no amulet)
HPRegen 0.11/turn               (no ring)
MPRegen 0.09/turn               (no ring)

@: no status effects
A: sickness immunity, AC +4, negative energy resistance 1, electricity
resistance, torment resistance 1, petrification resistance
a: no special abilities


You were on level 3 of the Dungeon.
You visited 1 branch of the dungeon, and saw 3 of its levels.

You collected 93 gold pieces.

Inventory:

Hand Weapons
 a - a +0 long sword (weapon)
Armour
 b - a +0 scale mail (worn)
 c - a +0 buckler (worn)
 d - a +0 helmet (worn)
 l - a +0 pair of boots (worn)
Scrolls
 g - 3 scrolls of teleportation
 k - a scroll of vulnerability {unknown}
Potions
 e - a potion of curing {unknown}
 f - a potion of invisibility {unknown}
 h - a potion of lignification {unknown}
 i - 2 potions of flight {unknown}
 j - a potion of degeneration {unknown}


   Skills:
 + Level 3.9 Fighting
 * Level 2.8 Long Blades
 * Level 4.2 Armour
 + Level 1.2 Dodging
 * Level 4.2 Shields


You had 4 spell levels left.
You didn't know any spells.
Your spell library was empty.

Dungeon Overview and Level Annotations

Branches:
Dungeon (3/15)

Altars:
Nemelex Xobeh

Shops:
D:2 *


Innate Abilities, Weirdness & Mutations

You are immune to sickness and miasma.
Your stone body is resilient. (AC +4)
You are immune to poison.
You resist negative energy. (rN+)
You are resistant to electric shocks. (rElec)
You are resistant to unholy torment.
You are immune to petrification.


Message History

The ice beast is lightly wounded.
The ice beast misses you.
You barely miss the ice beast.
The ice beast is lightly wounded.
The ice beast closely misses you.
You hit the ice beast but do no damage.
The ice beast is lightly wounded.
The ice beast hits you but does no damage.
You hit the ice beast.
The ice beast is moderately wounded.
You block the ice beast's attack. x2
You closely miss the ice beast.
The ice beast is lightly wounded.
The ice beast completely misses you.
You barely miss the ice beast.
The ice beast is lightly wounded.
The ice beast hits you. The ice beast freezes you!
You barely miss the ice beast.
The ice beast is lightly wounded.
The ice beast hits you but does no damage.
Unknown command.
You hit the ice beast but do no damage.
The ice beast is lightly wounded.
The ice beast closely misses you. The ice beast barely misses you.
You closely miss the ice beast.
The ice beast is lightly wounded.
The ice beast hits you. The ice beast freezes you!
* * * LOW HITPOINT WARNING * * *
You closely miss the ice beast.
The ice beast is lightly wounded.
The ice beast barely misses you.
You hit the ice beast but do no damage.
The ice beast is lightly wounded.
The ice beast hits you but does no damage.
You slash the ice beast!
The ice beast is heavily wounded.
The ice beast closely misses you. The ice beast hits you.
* * * LOW HITPOINT WARNING * * *
The ice beast freezes you!
You die...

..........##..#.#
.......>.........
..##..........#.#
..........##..#.###
.....#.#...........
..##.............# ##
.†...#....)†.##..# .#
#.##.#.##...###..##.#
#.##.#.###......@Y..#
#....#...........##.#
#....#.###...##### .#
###.<#.# ##...# ..
#.##.# ##..## ...
#....# #...# ####
####.# #.#.# #.#
#.#.# #.# #...#


You could see an ice beast.

Vanquished Creatures
  Jessica (D:3)
  Robin (D:3)
  5 adders (D:3)
  An adder skeleton (D:2)
  A worm (D:3)
  A dart slug (D:2)
  3 endoplasms
  2 giant cockroaches
  17 goblins
  8 hobgoblins
  4 jackals (D:1)
  2 quokkas
  6 ball pythons
  2 bats (D:1)
  3 frilled lizards
  2 kobolds
  2 rats (D:1)
61 creatures vanquished.

Notes
Turn   | Place    | Note
-------+----------+-------------------------------------------
     0 | D:1      | timneilson the Gargoyle Fighter began the quest for the
                  | Orb.
     0 | D:1      | Reached XP level 1. HP: 14/14 MP: 1/1
   163 | D:1      | Reached XP level 2. HP: 18/19 MP: 2/2
   358 | D:1      | Found a faded altar of an unknown god.
   594 | D:1      | Reached XP level 3. HP: 23/23 MP: 3/3
   803 | D:2      | Found a sparkling altar of Nemelex Xobeh.
   989 | D:2      | Found Wikloidu's Assorted Antiques.
  1230 | D:3      | Reached XP level 4. HP: 27/29 MP: 4/4
  1461 | D:3      | Noticed Robin
  1473 | D:3      | Reached skill level 1 in Dodging
  1495 | D:3      | Killed Robin
  1541 | D:3      | Reached XP level 5. HP: 10/33 MP: 5/5
  1774 | D:3      | Noticed Jessica
  1777 | D:3      | Killed Jessica
  1830 | D:3      | Noticed an ice beast
  1848 | D:3      | HP: 1/33 [ice beast (2)]
  1848 | D:3      | Mangled by an ice beast

Illustrated notes

Levels and vault maps discovered:
D:1:      minmay_arrival_four_houses, layout_loops_ring,
          chequers_ecumenical_altar_island, minmay_tromino_mix6
D:2:      layout_rooms, basic_altar, serial_shops, shop
D:3:      layout_basic, uniq_robin, uniq_jessica

Skill      XL: |  1  2  3  4 |
---------------+-------------+-----
Long Blades    | 2 |  2.8
Shields        | 4 |  4.2
Armour         | 4 |  4.2
Dodging        | 1 |  1.2
Fighting       | |  3.9

Action                   |  1- 3 |  4- 6 || total
-------------------------+-------+-------++-------
Melee: Long sword        |    94 |    99 ||   193
  Use: Scroll            |     1 |       ||     1
       Potion            |       |     1 ||     1
Armor: Scale mail        |    52 |    54 ||   106
Dodge: Dodged            |    45 |    49 ||    94
Block: Buckler           |    25 |    27 ||    52

Table legend: (Time is in decaauts)
 A = Elapsed time spent in this place.
 B = Non-inter-level travel time spent in this place.
 C = Inter-level travel time spent in this place.
 D = Time resting spent in this place.
 E = Time spent auto-exploring this place.
 F = Levels seen in this place.
 G = Mean time per level.
                   A        B        C        D        E       F      G
               +--------+--------+--------+--------+--------+-----+--------+
         Total |   1904 |   1837 |     67 |      0 |   1268 |   3 |  634.7 |
       Dungeon |   1904 |   1837 |     67 |      0 |   1268 |   3 |  634.7 |
               +--------+--------+--------+--------+--------+-----+--------+

Top non-repeatable levels by time:
     D:1: 822 daAuts
     D:3: 676 daAuts
     D:2: 404 daAuts
